 Dungeon Crawl Stone Soup version 0.31-a0-700-gf13585253f (webtiles) character file.

Game seed: 13584926865832346095

910 qw the Skirmisher (level 8, -1/49 HPs)
             Began as a Gargoyle Hunter on Sept 7, 2023.
             Slain by a wyvern zombie (11 damage)
             ... in an ossuary.
             The game lasted 00:01:39 (3803 turns).

qw the Skirmisher (Gargoyle Hunter)                 Turns: 3803, Time: 00:01:40

Health: -1/49      AC: 12    Str: 14    XL:     8   Next: 8%
Magic:  8/8        EV: 11    Int:  9    God:
Gold:   102        SH:  0    Dex: 19    Spells: 7/7 levels left

rFire   . . .        Y - +0 shortbow
rCold   . . .        (shield currently unavailable)
rNeg    + . .        g - +0 ring mail
rPois   inf          (no helmet)
rElec   +            (no cloak)
rCorr   .            d - +0 pair of gloves
SInv    .            (no boots)
Will    .....        (no amulet)
Stlth   +            (no ring)
HPRegen 0.28/turn    (no ring)
MPRegen 0.11/turn

%: no passive effects
@: no status effects
A: sickness immunity, AC +5, negative energy resistance 1, electricity
resistance, torment resistance 1, petrification resistance, agile 1, mutation
resistance 1, MP-powered wands
a: no special abilities


You were in an ossuary.
You visited 2 branches of the dungeon, and saw 6 of its levels.
You also visited: Ossuary.

You collected 264 gold pieces.
You spent 162 gold pieces at shops.


Innate Abilities, Weirdness & Mutations

You are immune to sickness and miasma.
Your stone body is resilient. (AC +5)
You are immune to poison.
You resist negative energy. (rN+)
You are resistant to electric shocks. (rElec)
You are resistant to unholy torment.
You are immune to petrification.
You are agile. (Dex +4, Str/Int -1)
You are somewhat resistant to further mutation.
You expend magic power (3 MP) to strengthen your wands.


   Skills:
 - Level 5.1 Fighting
 + Level 8.4 Ranged Weapons
 - Level 2.0 Armour
 - Level 2.2 Dodging
 - Level 1.1 Stealth


You had 7 spell levels left.
You didn't know any spells.
Your spell library was empty.

Inventory:

Hand Weapons
 Y - a +0 shortbow (weapon)
Armour
 d - a +0 pair of gloves (worn)
 g - a +0 ring mail (worn)
Scrolls
 c - a scroll of identify
Potions
 a - a potion of might
 b - a potion of mutation
 e - a potion of haste
 f - a potion of enlightenment
 h - a potion of experience {unknown}
 j - a potion of attraction {unknown}
 m - a potion of curing

Dungeon Overview and Level Annotations

Branches:
Dungeon (5/15)             Temple (1/1) D:4         Ossuary (1/1)

Altars:
Cheibriados
Dithmenos
Elyvilon
Fedhas
Gozag
Kikubaaqudgha
Nemelex Xobeh
Qazlal
Ru
Sif Muna
Trog
Vehumet
Xom
Zin
The Shining One

Shops:
D:4 *


Message History

You shoot an arrow. The arrow hits the wyvern zombie!
The wyvern zombie is moderately damaged.
The wyvern zombie bites you but does no damage.
You shoot an arrow. The arrow hits the wyvern zombie!
The wyvern zombie is heavily damaged.
The wyvern zombie bites you but does no damage.
The wyvern zombie bites you!
You shoot an arrow.
The arrow hits the wyvern zombie but does no damage.
The wyvern zombie is heavily damaged.
The wyvern zombie closely misses you.
A mummy comes into view.
You shoot an arrow. The arrow hits the wyvern zombie.
The wyvern zombie is heavily damaged.
The wyvern zombie barely misses you.
You shoot an arrow. The arrow hits the wyvern zombie.
The wyvern zombie is severely damaged.
The wyvern zombie bites you! The wyvern zombie bites you.
You shoot an arrow. The arrow hits the wyvern zombie.
The wyvern zombie is severely damaged.
The wyvern zombie barely misses you.
You shoot an arrow.
The arrow hits the wyvern zombie but does no damage.
The wyvern zombie is severely damaged.
The wyvern zombie closely misses you. The wyvern zombie bites you!
You shoot an arrow. The arrow hits the wyvern zombie.
The wyvern zombie is severely damaged.
The wyvern zombie bites you but does no damage.
A bog mummy comes into view.
You shoot an arrow.
The arrow hits the wyvern zombie but does no damage.
The wyvern zombie is severely damaged.
The wyvern zombie bites you. The wyvern zombie misses you.
You shoot an arrow.
The arrow barely misses the wyvern zombie.
The wyvern zombie bites you but does no damage.
You shoot an arrow. The arrow hits the wyvern zombie.
The wyvern zombie is severely damaged.
The wyvern zombie bites you!
You die...

# #. '#+#
..+
#####M###
#...#@..#~#
#.\.'Z~~~#
#\..#.~P~~#
#####~~~~~#
~~..##~~
#~#M~# ##
#~~P##
+~~#~ .. #~


You could see a mummy, a bog mummy and a wyvern zombie.

Vanquished Creatures
  Sigmund (D:4)
  A black bear (D:3)
  2 phantoms (D:4)
  A scorpion (D:4)
  A bullfrog zombie (Ossuary)
  2 hounds
  2 jellies
  6 mummies (Ossuary)
  A howler monkey zombie (Ossuary)
  3 gnolls (D:3)
  4 adders
  An ufetubus (D:4)
  3 worms
  4 dart slugs (D:1)
  3 orcs
  6 endoplasms
  2 giant cockroaches
  8 goblins
  9 hobgoblins
  2 jackals (D:2)
  A quokka (D:4)
  7 ball pythons
  5 bats
  3 frilled lizards
  6 kobolds
  3 rats
87 creatures vanquished.

Notes
Turn   | Place    | Note
-------+----------+-------------------------------------------
     0 | D:1      | qw the Gargoyle Hunter began the quest for the Orb.
     0 | D:1      | Reached XP level 1. HP: 12/12 MP: 1/1
     0 | D:1      | 0 ||| qw: Version: 0.3-a-76-g4403597
     0 | D:1      | 0 ||| qw: Game counter: 471
     0 | D:1      | 0 ||| qw: Melee chars always use a shield: true
     0 | D:1      | 0 ||| qw: God list: Okawaru
     0 | D:1      | 0 ||| qw: Allow faded altars: false
     0 | D:1      | 0 ||| qw: Do Orc after clearing Dungeon:15 true
     0 | D:1      | 0 ||| qw: Do second Lair branch before Depths: true
     0 | D:1      | 0 ||| qw: Lair rune preference: random
     0 | D:1      | 0 ||| qw: Goals: Normal
     0 | D:1      | 0 ||| PLANNING D:1-11
    49 | D:1      | Reached XP level 2. HP: 17/17 MP: 2/2
   237 | D:1      | Reached XP level 3. HP: 21/21 MP: 3/3
   315 | D:1      | Reached skill level 5 in Ranged Weapons
   704 | D:1      | 704 ||| UPGRADING to +0 pair of gloves.
   709 | D:1      | 709 ||| UPGRADING to +0 ring mail.
   719 | D:1      | 719 ||| DROPPING +0 leather armour.
   720 | D:1      | 720 ||| READING scroll labelled NADOHA FAFRAO.
   721 | D:1      | 721 ||| READING scroll labelled MODGHA PAANELU.
   722 | D:1      | 722 ||| DROPPING scroll of butterflies.
   783 | D:2      | Reached skill level 1 in Armour
   843 | D:2      | Reached XP level 4. HP: 24/27 MP: 4/4
   873 | D:2      | Reached skill level 3 in Fighting
  1359 | D:2      | 1359 ||| READING scroll labelled GONTEF PENOD.
  1460 | D:3      | Found a faded altar of an unknown god.
  1891 | D:3      | Noticed a black bear
  1903 | D:3      | Killed a black bear
  1904 | D:3      | Reached skill level 6 in Ranged Weapons
  1904 | D:3      | Reached XP level 5. HP: 22/32 MP: 5/5
  2195 | D:3      | Found an opulent altar of Gozag.
  2224 | D:3      | HP: 8/32 [gnoll/+0 flail (8)]
  2473 | D:3      | 2473 ||| READING scroll labelled KAXTIE SEPNING.
  2474 | D:3      | 2474 ||| READING scroll labelled GOTEUNU NEDDU.
  2479 | D:3      | 2479 ||| READING 2 scrolls of identify.
  2479 | D:3      | 2479 ||| IDENTIFYING glowing puce potion
  2516 | D:4      | Found a staircase to the Ecumenical Temple.
  2517 | D:4      | 2517 ||| PLANNING TEMPLE
  2526 | Temple   | Entered the Ecumenical Temple
  2527 | Temple   | 2527 ||| PLANNING D:1-11
  2651 | D:4      | Noticed a phantom
  2700 | D:4      | Reached XP level 6. HP: 35/38 MP: 6/6
  2798 | D:4      | Reached skill level 7 in Ranged Weapons
  2924 | D:4      | Noticed Sigmund
  2940 | D:4      | Killed Sigmund
  2941 | D:4      | Reached XP level 7. HP: 27/43 MP: 7/7
  3135 | D:4      | Reached skill level 8 in Ranged Weapons
  3457 | D:4      | Found Jiemuav's Assorted Antiques.
  3464 | D:4      | 3464 ||| BUYING 2 fuming clear potions (52 gold).
  3464 | D:4      | Bought 2 fuming clear potions for 52 gold pieces
  3464 | D:4      | 3464 ||| BUYING fuming brown potion (26 gold).
  3464 | D:4      | Bought a fuming brown potion for 26 gold pieces
  3464 | D:4      | 3464 ||| BUYING glowing grey potion (26 gold).
  3464 | D:4      | Bought a glowing grey potion for 26 gold pieces
  3464 | D:4      | 3464 ||| BUYING scroll of identify (58 gold).
  3464 | D:4      | Bought a scroll of identify for 58 gold pieces
  3467 | D:4      | 3467 ||| READING scroll labelled LYGOSCH TAD ORYCW.
  3468 | D:4      | 3468 ||| READING scroll labelled EDAISARIBA.
  3469 | D:4      | 3469 ||| DRINKING 2 red potions.
  3469 | D:4      | Gained mutation: You expend magic power (3 MP) to
                  | strengthen your wands. [potion of mutation]
  3469 | D:4      | Gained mutation: You are somewhat resistant to further
                  | mutation. [potion of mutation]
  3469 | D:4      | Gained mutation: You are agile. (Dex +4, Str/Int -1)
                  | [potion of mutation]
  3470 | D:4      | 3470 ||| DRINKING 2 glowing grey potions.
  3471 | D:4      | 3471 ||| DRINKING 3 fuming brown potions.
  3472 | D:4      | 3472 ||| DRINKING 2 fuming clear potions.
  3473 | D:4      | 3473 ||| READING 2 scrolls of identify.
  3473 | D:4      | 3473 ||| IDENTIFYING pink potion
  3496 | D:5      | Entered Level 5 of the Dungeon
  3497 | D:5      | 3497 ||| PLANNING OSSUARY
  3600 | D:5      | Found a sand-covered staircase.
  3607 | Ossuary  | Entered an ossuary
  3758 | Ossuary  | Reached XP level 8. HP: 33/49 MP: 8/8
  3786 | Ossuary  | HP: 8/49 [mummy (8)]
  3787 | Ossuary  | 3787 ||| DRINKING 2 potions of heal wounds.
  3789 | Ossuary  | 3789 ||| DRINKING potion of heal wounds.
  3799 | Ossuary  | HP: 9/49 [wyvern zombie (12)]
  3803 | Ossuary  | Slain by a wyvern zombie

Levels and vault maps discovered:
D:1:      lemuel_arrival_funnel, layout_loops_cross
D:2:      layout_loops_ring
D:3:      layout_loops_corners, mainiacjoe_overflow_paths,
          hellmonk_ecumenical_altar_zigzags, kennysheep_generic_room_16
D:4:      layout_loops_ring, minmay_temple_entry_overgrown, serial_shops, shop,
          minmay_puff, uniq_sigmund
D:5:      minmay_octagon_keep, layout_loops_corners, nicolae_ossuary_entry_ruins
Temple:   minmay_temple_curvy_branch
Ossuary:  ossuary_zaba_flooded

Skill      XL: |  1  2  3  4  5  6  7 |
---------------+----------------------+-----
Ranged Weapons | 5 6 7 8 |  8.4
Armour         | 1 2 |  2.0
Fighting       | 3 4 5 |  5.1
Dodging        | 2 |  2.2
Stealth        | |  1.1

Action                     |  1- 3 |  4- 6 |  7- 9 || total
---------------------------+-------+-------+-------++-------
   Fire: Shortbow          |    95 |   206 |   145 ||   446
    Use: Scroll            |     2 |     4 |     3 ||     9
         Potion            |       |       |     6 ||     6
 Armour: Leather armour    |    13 |       |       ||    13
         Ring mail         |    10 |   112 |    62 ||   184
  Dodge: Dodged            |    23 |    89 |    44 ||   156

Table legend:
 A = Non-vault XP
 B = Vault XP
 C = Vault XP percentage of total XP
 D = Non-vault monster count
 E = Vault monster count
 F = Vault count percentage of total count
                 A         B        C        D         E       F
            +---------+---------+-------+---------+---------+-------
      Total |     558 |     742 |  57.1 |      70 |      17 |  19.5
            +---------+---------+-------+---------+---------+-------
        D:1 |      51 |       0 |   0.0 |      26 |       0 |   0.0
        D:2 |      57 |       0 |   0.0 |      14 |       0 |   0.0
        D:3 |     188 |       5 |   2.6 |      17 |       2 |  10.5
        D:4 |     165 |     483 |  74.5 |      10 |       7 |  41.2
        D:5 |      97 |       0 |   0.0 |       3 |       0 |   0.0
    Ossuary |       0 |     254 | 100.0 |       0 |       8 | 100.0
            +---------+---------+-------+---------+---------+-------
